 Dungeon Crawl Stone Soup version 0.23-a0-448-g1c01f63 (webtiles) character file.

39 Cryolive the Digger (level 3, -2/19 HPs)
             Began as a Gargoyle Earth Elementalist on Nov 20, 2018.
             Slain by an adder (3 damage)
             ... on level 2 of the Dungeon.
             The game lasted 00:03:13 (1329 turns).

Cryolive the Digger (Gargoyle Earth Elementalist)   Turns: 1329, Time: 00:03:14

Health: -2/19      AC:  5    Str: 11    XL:     3   Next: 47%
Magic:  6/6        EV: 12    Int: 16    God:
Gold:   80         SH:  0    Dex: 10    Spells: 2/6 levels left

rFire    + . .     SeeInvis +   e - +0 club
rCold    . . .     Gourm    .   (no shield)
rNeg     + . .     Faith    .   c - +0 robe
rPois    ∞         Spirit   .   (no helmet)
rElec    +         Reflect  .   (no cloak)
rCorr    .         Harm     .   (no gloves)
MR       .....                  (no boots)
Stlth    ++........             (no amulet)
HPRegen  0.06/turn              a - ring of see invisible
MPRegen  0.10/turn              h - ring of protection from fire

@: no status effects
A: negative energy resistance 1, electricity resistance, unbreathing,
petrification resistance, rot immunity, AC +3
a: no special abilities


You were on level 2 of the Dungeon.
You were hungry.

You visited 1 branch of the dungeon, and saw 2 of its levels.

You collected 80 gold pieces.

Inventory:

Hand Weapons
 e - a +0 club (weapon)
Missiles
 b - 35 stones (quivered)
Armour
 c - a +0 robe (worn)
Jewellery
 a - a ring of see invisible (left hand)
 h - a ring of protection from fire (right hand)
Scrolls
 f - a scroll of random uselessness {unknown}
 g - a scroll of immolation {unknown}
 k - a scroll of magic mapping {unknown}
Potions
 i - a potion of brilliance {unknown}
 j - a potion of resistance {unknown}
Comestibles
 d - 4 rations


   Skills:
 + Level 0.2 Fighting
 + Level 0.3 Maces & Flails
 + Level 2.0 Dodging
 + Level 2.4 Stealth
 + Level 2.3 Spellcasting
 * Level 0.1 Conjurations
   Level 0.7 Transmutations
 + Level 4.3 Earth Magic


You had 2 spell levels left.
You knew the following spells:

 Your Spells              Type           Power        Failure   Level  Hunger
a - Sandblast             Erth           ###...       3%          1    #......
b - Stone Arrow           Conj/Erth      #.....       24%         3    ###....

Your spell library contained the following spells:

 Spells                   Type           Power        Failure   Level  Hunger
 Passwall                 Tmut/Erth      #.......     11%         2    ###....
 Petrify                  Tmut/Erth      #.......     56%         4    #####..
 Lee's Rapid Deconstruct  Erth           ###.......   67%         5    ######.


Dungeon Overview and Level Annotations

Branches:
Dungeon (2/15)

Altars:


Innate Abilities, Weirdness & Mutations

You are resistant to torment.
Your stone body is resilient. (AC +3)
You are immune to poison.
You resist negative energy. (rN+)
You are resistant to electric shocks. (rElec)
You can survive without breathing.
You are immune to petrification.
You are immune to rotting.


Message History

You hit the adder.
The adder is moderately wounded.
The adder barely misses you. The adder closely misses you.
You barely miss the adder.
The adder is moderately wounded.
The adder completely misses you.
You hit the adder.
The adder is moderately wounded.
The adder bites you but does no damage. The adder bites you.
* * * LOW HITPOINT WARNING * * *
You hit the adder.
The adder is severely wounded.
The adder barely misses you. The adder bites you.
* * * LOW HITPOINT WARNING * * *
You completely miss the adder.
The adder is heavily wounded.
The adder bites you.
* * * LOW HITPOINT WARNING * * *
The adder bites you.
You die...

# #.# #....
#.######..##
###.........#
#.....####.## #.#.#.##
#.### #.#....# #....
#.###.(# #.##.
######### #### #####
#gS@.## +. #..)##..##
### ##..#..#.## #..
...###..#.## ###.
##..#.....#.## #..#
#.###..#..#.## ###..
..#..##.#..#.## #..##
#.###..##.#..#.#####..#
#).#####.#..#.##..###


You could see an adder and a hobgoblin.

Vanquished Creatures
  2 leopard geckos
  3 ball pythons
  2 giant cockroaches (D:1)
  3 goblins
  5 hobgoblins
  3 jackals (D:1)
  5 kobolds (D:1)
  5 bats
  2 frilled lizards (D:1)
  2 rats
32 creatures vanquished.

Notes
Turn   | Place    | Note
-------+----------+-------------------------------------------
     0 | D:1      | Cryolive the Gargoyle Earth Elementalist began the quest
                  | for the Orb.
     0 | D:1      | Reached XP level 1. HP: 10/10 MP: 3/3
   111 | D:1      | Reached skill level 4 in Earth Magic
   111 | D:1      | Reached XP level 2. HP: 5/15 MP: 0/5
   674 | D:1      | Reached XP level 3. HP: 10/19 MP: 3/6
   685 | D:1      | Learned a level 3 spell: Stone Arrow
  1329 | D:2      | Slain by an adder

Vault maps used:
D:1:      psy_arrival_conway, chequers_serial_rivers_micro_e
D:2:      minmay_razor_zed, gammafunk_temple_overflow_statue

Skill      XL: |  1  2  3 |
---------------+----------+-----
Earth Magic    | 4 |  4.3
Dodging        | 2 |  2.0
Fighting       | |  0.2
Maces & Flails | |  0.3
Stealth        | |  2.4
Spellcasting   | |  2.3
Conjurations   | |  0.1
Transmutations | |  0.7

Action                   || total
-------------------------++-------
Melee: Unarmed           ||     7
       Club              ||   112
 Cast: Sandblast         ||    10
 Stab: Sleeping          ||     4
  Eat: Chunk             ||     1
Armor: Robe              ||    54
Dodge: Dodged            ||    94

Table legend:
 A = Non-vault XP
 B = Vault XP
 C = Vault XP percentage of total XP
 D = Non-vault monster count
 E = Vault monster count
 F = Vault count percentage of total count
                 A         B        C        D         E       F
            +---------+---------+-------+---------+---------+-------
      Total |      51 |       6 |  10.5 |      28 |       4 |  12.5
            +---------+---------+-------+---------+---------+-------
        D:1 |      43 |       0 |   0.0 |      24 |       0 |   0.0
        D:2 |       8 |       6 |  42.9 |       4 |       4 |  50.0
            +---------+---------+-------+---------+---------+-------
